 Dungeon Crawl Stone Soup version 0.23-a0-143-g1adec7b (webtiles) character file.

234618 iamserjio the Brawler (level 18, -37/187 HPs)
             Began as a Black Draconian Wanderer on Sept 4, 2018.
             Was the Champion of Hepliaklqana.
             Killed from afar by a deep elf annihilator (42 damage)
             ... with a crystal spear
             ... on level 3 of the Elven Halls.
             The game lasted 02:25:21 (52312 turns).

iamserjio the Brawler (Black Draconian Wanderer)   Turns: 52312, Time: 02:25:22

Health: -37/187    AC: 30    Str: 15    XL:     18   Next: 88%
Magic:  30/30      EV: 22    Int: 18    God:    Hepliaklqana [******]
Gold:   2784       SH:  7    Dex: 13    Spells: 10/33 levels left

rFire    + . .     SeeInvis +     - Unarmed
rCold    + . .     Gourm    .   r - +0 buckler
rNeg     + . .     Faith    .   (armour unavailable)
rPois    ∞         Spirit   .   k - +2 hat {SInv}
rElec    +         Reflect  .   s - +2 cloak
rCorr    .         Harm     .   (gloves currently unavailable)
MR       +....                  (boots currently unavailable)
Stlth    +.........             P - amulet of regeneration
HPRegen  0.81/turn              S - ring of protection from cold
MPRegen  0.22/turn              Q - ring of protection from fire

@: about to teleport, statue-form, very slow
A: (breathe lightning), unfitting armour, reduced essence, big wings,
electricity resistance, cold-blooded, AC +10
}: 1/15 runes: gossamer
a: Fly, End Transformation, Recall Ancestor, Ancestor Identity, Transference,
Idealise, Renounce Religion


You were on level 3 of the Elven Halls.
You worshipped Hepliaklqana.
Hepliaklqana was exalted by your worship.
You were not hungry.
You were a stone statue.
You visited 6 branches of the dungeon, and saw 31 of its levels.
You visited the Abyss 3 times.
You also visited: Labyrinth and Ice Cave.

You collected 3525 gold pieces.
You spent 741 gold pieces at shops.

Inventory:

Missiles
 F - 1010 arrows
Armour
 k - a +2 hat of see invisible (worn)
 m - a scarf of spirit shield
 r - a +0 buckler (worn)
 s - a +2 cloak (worn)
 L - a +1 pair of boots (melded)
 R - a +2 pair of gloves (melded)
Jewellery
 a - a +3 ring of slaying
 j - an uncursed ring of resist corrosion
 o - an uncursed ring of see invisible
 C - an uncursed ring of wizardry
 H - an uncursed ring of ice
 N - the ring of Uwnaytso {+Fly rPois rN+ Int+5}
   (You took it off a deep elf elementalist on level 3 of the Elven Halls)

   [ring of flight]

   It affects your intelligence (+5).
   It protects you from poison.
   It protects you from negative energy.
   It lets you fly.
 P - an amulet of regeneration (around neck)
 Q - a ring of protection from fire (right hand)
 S - a ring of protection from cold (left hand)
 Y - a +4 amulet of reflection
Wands
 h - a wand of acid (4)
 u - a wand of disintegration (19)
 v - a wand of clouds (12)
 A - a wand of digging (13)
 M - a wand of iceblast (34)
 Z - a wand of enslavement (20)
Scrolls
 b - 3 scrolls of immolation
 e - 5 scrolls of silence
 g - 4 scrolls of fog
 i - 4 scrolls of teleportation
 l - a scroll of enchant armour
 q - 2 scrolls of amnesia
 t - a scroll of holy word
 J - 6 scrolls of remove curse {@r2}
 U - a scroll of summoning
Potions
 c - 3 potions of curing {@q1}
 f - 3 potions of might
 n - a potion of magic
 p - 2 potions of resistance
 w - 6 potions of berserk rage
 x - a potion of cancellation
 y - a potion of lignification
 z - 2 potions of invisibility
 B - a potion of agility
 D - 6 potions of haste
 T - 2 potions of brilliance
 V - 6 potions of mutation
 X - 4 potions of ambrosia
Miscellaneous
 E - a lightning rod (4/4)
 G - a phial of floods
 K - a fan of gales
Comestibles
 d - 33 rations


   Skills:
 - Level 14.0 Fighting
   Level 3.0 Maces & Flails
 - Level 16.0 Dodging
 + Level 11.9 Shields
 - Level 17.0 Unarmed Combat
 - Level 8.0 Spellcasting
 - Level 3.0 Charms
 - Level 3.0 Translocations
 - Level 12.0 Transmutations
 - Level 10.0 Earth Magic
 - Level 4.1 Invocations
 - Level 3.0 Evocations


You had 10 spell levels left.
You knew the following spells:

 Your Spells              Type           Power        Failure   Level  Hunger
a - Sticks to Snakes      Tmut           ######..     1%          2    None
b - Blade Hands           Tmut           ######....   1%          5    #####..
c - Summon Butterflies    Summ           #.......     10%         1    None
d - Apportation           Tloc           ###...       2%          1    None
e - Lesser Beckoning      Tloc           ###.......   9%          3    #......
f - Ozocubu's Armour      Chrm/Ice       ##......     16%         3    #......
g - Blink                 Tloc           N/A          4%          2    None
h - Statue Form           Tmut/Erth      #####....    16%         6    ######.

Your spell library contained the following spells:

 Spells                   Type           Power        Failure   Level  Hunger
 Beastly Appendage        Tmut           ######       1%          1    None
 Sandblast                Erth           #####.       1%          1    None
 Spider Form              Tmut/Pois      ####......   2%          3    #......
 Stone Arrow              Conj/Erth      ####..       3%          3    #......
 Ice Form                 Ice/Tmut       ####....     9%          4    ###....
 Corona                   Hex            #......      10%         1    None
 Flame Tongue             Conj/Fire      #....        10%         1    None
 Freeze                   Ice            #...         10%         1    None
 Magic Dart               Conj           #...         10%         1    None
 Summon Small Mammal      Summ           #...         10%         1    None
 Call Imp                 Summ           #.......     14%         2    None
 Ensorcelled Hibernation  Hex/Ice        #.....       14%         2    None
 Searing Ray              Conj           #.....       14%         2    None
 Slow                     Hex            #.......     14%         2    None
 Throw Flame              Conj/Fire      #.....       14%         2    None
 Throw Frost              Conj/Ice       #.....       14%         2    None
 Alistair's Intoxication  Tmut/Pois      ####....     22%         5    #####..
 Call Canine Familiar     Summ           #.......     28%         3    #......
 Confuse                  Hex            #.......     28%         3    #......
 Conjure Flame            Conj/Fire      #.......     28%         3    #......
 Dazzling Spray           Conj/Hex       #.....       28%         3    #......
 Inner Flame              Hex/Fire       #.......     28%         3    #......
 Mephitic Cloud           Conj/Pois/Air  #.......     28%         3    #......
 Summon Guardian Golem    Hex/Summ       #.......     28%         3    #......
 Tukima's Dance           Hex            #.......     28%         3    #......
 Force Lance              Conj/Tloc      ##......     45%         4    ###....
 Fulminant Prism          Conj/Hex       #.........   67%         4    ###....
 Iskenderun's Mystic Bla  Conj           #.......     67%         4    ###....
 Sticky Flame             Conj/Fire      #.......     67%         4    ###....
 Summon Ice Beast         Ice/Summ       #.......     67%         4    ###....
 Summon Lightning Spire   Summ/Air       #.......     67%         4    ###....
 Throw Icicle             Conj/Ice       #.......     67%         4    ###....
 Fireball                 Conj/Fire      #.........   95%         5    #####..
 Bolt of Cold             Conj/Ice       #.........   100%        6    ######.
 Invisibility             Hex            #.......     100%        6    ######.
 Shatter                  Erth           #####.....   100%        9    #######


Dungeon Overview and Level Annotations

Branches:
Dungeon (15/15)            Temple (1/1) D:7            Lair (6/6) D:9
 Shoals (0/4) Lair:3       Spider (4/4) Lair:4        Slime (0/5) Lair:5
    Orc (2/2) D:11            Elf (3/3) Orc:2        Vaults (0/5) D:13
 Depths (0/5) D:15

Altars:
Ashenzari
Dithmenos
Elyvilon
Hepliaklqana
Kikubaaqudgha
Nemelex Xobeh
Okawaru
Qazlal
Ru
Trog
Uskayaw
Wu Jian
Zin
The Shining One

Shops:
D:8 (   D:11 (   D:13 }   Orc:2 *([=   Elf:2 }=}

Annotations:
Elf:2 4 runed doors


Innate Abilities, Weirdness & Mutations

((You can breathe wild blasts of lightning.))
((Your glossy black scales are hard. (AC +10)))
You cannot fit into any form of body armour.
Your large and strong wings let you fly indefinitely.
You are resistant to electric shocks. (rElec)
You are cold-blooded and may be slowed by cold attacks.
Your life essence is reduced to manifest your ancestor. (-10% HP)


Message History

The deep elf annihilator gestures wildly while chanting.
The deep elf annihilator blinks!
You squash the deep elf annihilator like an ant!!!
The deep elf annihilator mumbles some strange words.
The deep elf annihilator blinks!
The deep elf annihilator points at you and mumbles some strange words.
The iron shot hits you!
* * * LOW HITPOINT WARNING * * *
Æthelred gestures at the deep elf annihilator while chanting.
The bolt of magma misses the deep elf annihilator.
You closely miss the deep elf annihilator.
You tail-slap the deep elf annihilator.
The deep elf annihilator casts a spell at you.
The crystal spear hits you!
* * * LOW HITPOINT WARNING * * *
Æthelred points at the deep elf annihilator and mumbles some strange words.
The stone arrow hits the deep elf annihilator.
The deep elf annihilator gestures at you while chanting.
The crystal spear hits you!
You die...

#...........##
#...##.#
....##........##
#....#.# ..
###.......###....#.#
##.......##....+..
#..###.⌠##....# .
##......##...## ...
##§....###..##
....[##..e..## #.##
....§R)8.#### #'#
....#.)e## #.# ..
#.e.# #.# #...# #.#
⌠.:.. #.# ......
#.####### ..#...)
#........ )(###)|/[
#########


You could see the friendly Æthelred the battlemage and 3 deep elf annihilators.

Vanquished Creatures
  Arachne (Spider:2)
  Jorgrun (Spider:2)
  A deep elf master archer (Elf:3)
  2 deep elf blademasters (Elf:3)
  Frances (D:14)
  Gastronok (D:10)
  Roxanne (Spider:4)
  4 deep elf sorcerers (Elf:3)
  Louise (Elf:2)
  2 ghost moths (Spider:4)
  2 emperor scorpions (Spider:4)
  An orc warlord (Orc:2)
  4 deep elf elementalists (Elf:3)
  5 entropy weavers
  6 deep elf demonologists (Elf:3)
  A minotaur (Lab)
  3 deep elf annihilators
  A dire elephant (D:15)
  2 spark wasps (Spider:4)
  Snorg (D:14)
  6 deep elf death magi
  The ghost of torrenera the Cleaver, a journeyman HOFi of Okawaru (D:10)
  2 deep elf high priests (Elf:3)
  The ghost of Uffexzam the Thaumaturge, a journeyman DEFE of Vehumet (Lair:1)
  Josephine (Lair:4)
  5 hydras
  A death knight (D:15)
  4 two-headed ogres (D:15)
  3 death yaks (Lair:5)
  10 dancing weapons
  An ogre mage (D:15)
  4 centaur warriors
  5 orc high priests (Orc:2)
  11 deep elf knights
  2 unseen horrors
  2 small abominations
  8 orb spiders
  9 orc knights
  4 large abominations
  5 deep elf archers
  38 deep elf magi
  7 ugly things (D:14)
  18 wolf spiders
  4 cyclopes
  An orc sorcerer (Orc:1)
  2 manticores
  Maurice (Orc:1)
  3 elephants (Lair:4)
  A gargoyle (D:15)
  2 smoke demons (Abyss:2)
  14 spiny frogs
  2 rime drakes
  5 komodo dragons
  8 demonic crawlers
  An ancient zyme (Abyss:2)
  3 trolls
  4 meliai (D:14)
  A merfolk (D:15)
  23 jumping spiders
  A harpy skeleton (D:15)
  Prince Ribbit (D:8)
  2 tyrant leeches (Lair:6)
  7 hornets
  9 slime creatures
  14 blink frogs
  A raiju (Abyss:2)
  A tyrant leech (shapeshifter) (D:14)
  A raiju (shapeshifter) (Elf:3)
  5 hippogriffs
  A shadow (D:15)
  67 redbacks
  26 tarantellas
  A wyvern (Lair:5)
  Sigmund (D:6)
  A vampire (D:9)
  A water elemental (Elf:1)
  A human (shapeshifter) (Elf:3)
  6 humans
  2 wraiths
  3 basilisks
  2 fire elementals
  A steam dragon (D:9)
  Eustachio (D:6)
  15 yaks
  8 vampire mosquitoes
  A warg (Orc:1)
  3 water moccasins
  Duvessa (D:6)
  3 porcupines
  A swamp drake (Orc:2)
  23 orc warriors
  A phantom (D:14)
  2 eyes of draining
  An ice beast (D:10)
  11 ogres
  7 centaurs
  3 wolves (Lair:6)
  9 crocodiles
  12 bullfrogs
  4 earth elementals
  A gnoll sergeant (D:8)
  Dowan (D:6)
  6 scorpions
  3 killer bees (D:8)
  An electric eel (Lair:6)
  2 wights (D:13)
  A howler monkey (D:10)
  2 bullfrog zombies
  2 centaur zombies
  10 crimson imps
  A hound (D:11)
  3 jellies
  13 orc priests
  Crazy Yiuf (D:6)
  A bullfrog skeleton (D:6)
  2 iron imps (Abyss:2)
  2 centaur skeletons
  4 iguanas
  6 orc wizards
  11 worker ants
  A killer bee zombie (D:9)
  14 adders
  4 gnolls
  3 shadow imps
  A white imp (Orc:2)
  2 oozes
  3 adder skeletons
  3 worms
  3 dart slugs
  5 leopard geckos
  65 orcs
  7 bats
  3 giant cockroaches
  6 goblins
  6 hobgoblins
  A jackal (D:8)
  6 quokkas
  3 ball pythons
  5 frilled lizards
  A giant cockroach zombie (D:5)
  A jackal skeleton (D:7)
  7 kobolds
  7 rats
755 creatures vanquished.

Vanquished Creatures (collateral kills)
  A tentacled starspawn (Abyss:2)
  A deep elf master archer (Elf:3)
  2 entropy weavers
  A deep elf annihilator (Elf:3)
  A minotaur (Lair:1)
  A deep elf death mage (Elf:3)
  3 slime creatures (D:15)
  A hydra (Lair:6)
  A centaur warrior (D:14)
  A catoblepas (Lair:3)
  8 two-headed ogres
  An ogre mage (D:14)
  5 dancing weapons
  3 death yaks (Lair:1)
  Urug (D:13)
  2 deep elf knights (Elf:3)
  2 wretched stars (Abyss:2)
  Nergalle (Orc:1)
  2 unseen horrors
  A wizard (D:14)
  2 deep elf archers
  11 orb spiders
  2 orc sorcerers
  An oklob plant (Lair:6)
  2 ugly things
  9 wolf spiders
  11 deep elf magi
  An orc knight (Orc:2)
  2 cyclopes
  A manticore (D:12)
  2 moths of wrath
  3 elephants (Lair:4)
  2 guardian serpents (D:14)
  4 black mambas
  An orange demon (Abyss:2)
  A torpor snail (Spider:3)
  A gargoyle (D:11)
  14 spiny frogs
  2 rime drakes (D:11)
  A freezing wraith (D:14)
  A komodo dragon (Lair:6)
  4 demonic crawlers
  A polar bear (Lair:2)
  A troll (D:11)
  12 jumping spiders
  A troll (shapeshifter) (Elf:1)
  3 tyrant leeches (Lair:6)
  2 hornets (Spider:4)
  8 blink frogs
  6 hippogriffs
  An air elemental (Elf:1)
  21 redbacks
  4 wraiths
  A ynoxinul (Abyss:2)
  10 humans (D:13)
  9 tarantellas
  9 starcursed masses (Abyss:2)
  8 yaks
  2 fire elementals
  The ghost of galech the Chopper, an amateur DsMo (D:4)
  6 basilisks
  3 vampire mosquitoes
  A warg (Orc:2)
  A soldier ant (shapeshifter) (Elf:3)
  An acid dragon (D:14)
  5 water moccasins
  A soldier ant (D:9)
  2 porcupines
  13 orc warriors
  An ice beast (D:13)
  A necrophage (D:12)
  2 sky beasts
  2 ogres
  A phantom (D:10)
  A wolf (Lair:6)
  4 centaurs
  10 crocodiles
  20 bullfrogs
  2 scorpions
  3 wights (D:13)
  4 killer bees (D:11)
  4 howler monkeys
  An electric eel (Lair:6)
  A bullfrog zombie (D:11)
  4 crimson imps
  A quasit (D:10)
  9 orc priests
  A gnoll shaman (D:4)
  A centaur skeleton (D:11)
  An iron imp (Orc:2)
  2 iguanas
  2 worker ants
  8 orc wizards
  A hound zombie (D:10)
  A gnoll (D:8)
  4 adders
  An adder zombie (D:7)
  A worm (D:9)
  29 orcs
  2 jackals (D:8)
  A bush (Lair:6)
  A plant (Lair:6)
377 creatures vanquished.

Vanquished Creatures (others)
  A deep elf knight (Elf:2)
  2 deep elf archers
  A centaur (D:15)
  27 battlemagi
  2 fungi (Lair:6)
  63 plants
  4 starspawn tentacles (Abyss:2)
100 creatures vanquished.

Grand Total: 1232 creatures vanquished

Notes
Turn   | Place    | Note
-------+----------+-------------------------------------------
     0 | D:1      | iamserjio the Draconian Wanderer began the quest for the
                  | Orb.
     0 | D:1      | iamserjio set off with: a +0 shield, a +0 mace, a potion of
                  | curing {@q1}, a ration
     0 | D:1      | Reached XP level 1. HP: 17/17 MP: 3/3
   588 | D:1      | Reached XP level 2. HP: 3/25 MP: 5/5
  1359 | D:2      | Reached XP level 3. HP: 17/31 MP: 6/6
  1798 | D:2      | Reached XP level 4. HP: 22/38 MP: 7/7
  2496 | D:3      | Found an ornate altar of the Wu Jian Council.
  2538 | D:3      | Reached XP level 5. HP: 35/45 MP: 8/8
  2888 | D:4      | Reached skill level 5 in Shields
  3205 | D:4      | Found a transporter.
  3208 | D:4      | Noticed galech's ghost (amateur DsMo)
  3217 | D:4      | Found a transporter.
  3258 | D:4      | Reached XP level 6. HP: 16/51 MP: 9/9
  4439 | D:5      | Entered Level 5 of the Dungeon
  5298 | D:5      | Reached skill level 5 in Fighting
  5298 | D:5      | Your scales start taking on a glossy black colour.
  5298 | D:5      | Reached XP level 7. HP: 61/61 MP: 10/10
  5298 | D:5      | Gained mutation: You are resistant to electric shocks.
                  | (rElec) [Black Draconian growth]
  6225 | D:6      | Noticed Duvessa
  6225 | D:6      | Noticed Dowan
  6646 | D:6      | Found a runed door.
  6650 | D:6      | Noticed Crazy Yiuf
  6651 | D:6      | Killed Crazy Yiuf
  6731 | D:6      | Noticed Eustachio
  6732 | D:6      | Killed Duvessa
  6757 | D:6      | Killed Eustachio
  6757 | D:6      | Reached XP level 8. HP: 43/70 MP: 11/11
  6933 | D:6      | Noticed Sigmund
  6938 | D:6      | Killed Sigmund
  6978 | D:6      | Reached skill level 1 in Dodging
  7845 | D:6      | Found a bloodstained altar of Trog.
  8290 | D:6      | Killed Dowan
  8359 | D:7      | Reached skill level 5 in Dodging
  8874 | D:7      | Found a staircase to the Ecumenical Temple.
  8950 | Temple   | Entered the Ecumenical Temple
  8984 | Temple   | Became a worshipper of Hepliaklqana the Forgotten
  9064 | D:7      | Found a sacrificial altar of Ru.
  9075 | D:7      | Found a glowing golden altar of the Shining One.
  9201 | D:7      | Found a glowing silver altar of Zin.
  9916 | D:8      | Reached * piety under Hepliaklqana
  9983 | D:8      | Reached XP level 9. HP: 67/67 MP: 12/12
 10184 | D:8      | Noticed Prince Ribbit
 10195 | D:8      | Killed Prince Ribbit
 10887 | D:8      | Paralysed by an orc priest for 3 turns
 11106 | D:8      | Found Gesk's Antique Weapon Boutique.
 11254 | D:8      | Found a shadowy altar of Dithmenos.
 11720 | D:9      | Found a staircase to the Lair.
 12164 | D:9      | Reached ** piety under Hepliaklqana
 12165 | D:9      | Remembered your ancestor Æthelred as a battlemage
 12198 | D:9      | Paralysed by a hornet for 3 turns
 12387 | D:9      | Reached XP level 10. HP: 55/79 MP: 13/13
 12730 | D:10     | Entered Level 10 of the Dungeon
 12862 | D:10     | Noticed Gastronok
 12895 | D:10     | Killed Gastronok
 12895 | D:10     | Reached skill level 10 in Shields
 13122 | D:10     | Found a runed gate.
 13123 | D:10     | Found a runed gate.
 13123 | D:10     | Noticed a brown ugly thing
 13124 | D:10     | Found a runed gate.
 13125 | D:10     | Noticed torrenera's ghost (journeyman HOFi)
 13130 | D:10     | Killed a brown ugly thing
 13387 | D:10     | Reached skill level 1 in Unarmed Combat
 13392 | D:10     | Reached skill level 2 in Unarmed Combat
 13570 | D:10     | Noticed a two-headed ogre
 13577 | D:10     | Killed a two-headed ogre
 13577 | D:10     | Reached skill level 4 in Unarmed Combat
 13733 | D:11     | Reached skill level 5 in Unarmed Combat
 13738 | D:11     | Reached XP level 11. HP: 69/84 MP: 14/14
 13832 | D:11     | Found a frozen archway.
 13844 | D:11     | Reached skill level 6 in Unarmed Combat
 13904 | IceCv    | Entered an ice cave
 13904 | IceCv    | Reached *** piety under Hepliaklqana
 14809 | D:11     | Reached skill level 7 in Unarmed Combat
 15055 | D:11     | Found Dicehow's Weapon Shop.
 15271 | D:11     | Found a staircase to the Orcish Mines.
 15492 | D:4      | Killed galech's ghost
 15624 | Lair:1   | Entered Level 1 of the Lair of Beasts
 15628 | Lair:1   | Learned a level 2 spell: Sticks to Snakes
 15634 | Lair:1   | Learned a level 5 spell: Blade Hands
 15878 | Lair:1   | Reached skill level 1 in Transmutations
 15940 | Lair:1   | Reached skill level 8 in Unarmed Combat
 16325 | Lair:1   | You fall through a shaft!
 16829 | Lair:2   | Got a warped war axe
 16843 | Lair:2   | Reached **** piety under Hepliaklqana
 17248 | Lair:2   | Reached skill level 9 in Unarmed Combat
 18118 | Lair:1   | Noticed Uffexzam's ghost (journeyman DEFE)
 18119 | Lair:1   | Noticed a minotaur
 18164 | Lair:1   | Noticed a death yak
 18164 | Lair:1   | Noticed a death yak
 18175 | Lair:1   | Noticed a death yak
 18182 | Lair:1   | Killed a death yak
 18189 | Lair:1   | Killed a death yak
 18198 | Lair:1   | Killed a death yak
 18198 | Lair:1   | Reached XP level 12. HP: 61/90 MP: 18/18
 18383 | Lair:1   | Reached skill level 10 in Unarmed Combat
 18424 | Lair:1   | Found a runed gate.
 18424 | Lair:1   | Found a runed gate.
 18427 | Lair:1   | Found a runed gate.
 18851 | Lair:3   | Noticed a catoblepas
 18868 | Lair:3   | Killed a catoblepas
 19319 | Lair:3   | Found a staircase to the Shoals.
 19326 | Lair:3   | Reached skill level 5 in Transmutations
 19466 | Lair:3   | Reached ***** piety under Hepliaklqana
 20148 | Lair:4   | Found a hole to the Spider Nest.
 20250 | Lair:4   | Reached skill level 11 in Unarmed Combat
 20493 | Lair:4   | Noticed Josephine
 20500 | Lair:4   | Killed Josephine
 20880 | Lair:4   | Identified the +7 war axe of World's End {chop, rPois
                  | Str+10} (You found it on level 2 of the Lair of Beasts)
 21176 | Lair:4   | Reached skill level 5 in Spellcasting
 22029 | Lair:5   | Found a labyrinth entrance.
 22037 | Lair:5   | Reached XP level 13. HP: 93/96 MP: 21/21
 22044 | Lab      | Entered a labyrinth
 22488 | Lab      | Noticed a minotaur
 22527 | Lab      | Killed a minotaur
 22534 | Lab      | Got a sparkling zirconium amulet
 22943 | Lair:5   | Found a staircase to the Slime Pits.
 23125 | Lair:6   | Entered Level 6 of the Lair of Beasts
 23160 | Lair:6   | Reached skill level 10 in Transmutations
 23271 | Lair:6   | Reached ****** piety under Hepliaklqana
 23376 | Lair:6   | Learned a level 1 spell: Summon Butterflies
 23378 | Lair:6   | Learned a level 1 spell: Apportation
 23382 | Lair:6   | Learned a level 3 spell: Lesser Beckoning
 23544 | Lair:6   | Reached skill level 10 in Dodging
 25016 | Lair:6   | Gained mutation: Your large and strong wings let you fly
                  | indefinitely. [Black Draconian growth]
 25016 | Lair:6   | Reached XP level 14. HP: 89/103 MP: 18/23
 26144 | Lair:1   | Killed Uffexzam's ghost
 26173 | Lair:1   | Identified the amulet "Wevvetwa Qia" {Acrobat rN+ Int+5
                  | Dex-5} (You took it off a minotaur in a labyrinth)
 26890 | D:13     | Found a gate to the Vaults.
 26890 | D:13     | Noticed Urug
 27055 | D:13     | Reached skill level 12 in Unarmed Combat
 27422 | D:13     | Killed Urug
 28457 | D:13     | Found Yfined's Gadget Shoppe.
 28575 | D:14     | Noticed Snorg
 28583 | D:14     | Killed Snorg
 28798 | D:14     | Reached skill level 13 in Unarmed Combat
 29057 | D:14     | Reached skill level 10 in Fighting
 29499 | D:14     | Noticed Frances
 29511 | D:14     | Killed Frances
 30737 | D:14     | Got a pair of ichor-stained gloves
 30741 | D:14     | Identified the cursed +0 pair of gloves of the Guilds
                  | {*Drain rCorr Int-5 SInv} (You found it on level 14 of the
                  | Dungeon)
 31053 | D:14     | Reached XP level 15. HP: 71/115 MP: 24/24
 31480 | D:14     | Learned a level 3 spell: Ozocubu's Armour
 31481 | D:15     | Entered Level 15 of the Dungeon
 31513 | D:15     | Reached skill level 14 in Unarmed Combat
 32325 | D:15     | Found a staircase to the Depths.
 33037 | D:15     | Reached skill level 15 in Unarmed Combat
 33328 | D:15     | Found a shadowy altar of Dithmenos.
 33886 | D:10     | Killed torrenera's ghost
 33966 | Orc:1    | Entered Level 1 of the Orcish Mines
 34953 | Orc:2    | Entered Level 2 of the Orcish Mines
 35056 | Orc:2    | Noticed an orc warlord
 35110 | Orc:2    | Found a staircase to the Elven Halls.
 35269 | Orc:2    | Killed an orc warlord
 37294 | Orc:2    | Found Fegyed's Antique Armour Boutique.
 37297 | Orc:2    | Found Vekk's Weapon Shop.
 37298 | Orc:2    | Found Meshreen's Jewellery Boutique.
 37299 | Orc:2    | Found Peemed's General Store.
 37305 | Orc:2    | Bought a scroll of identify for 30 gold pieces
 37305 | Orc:2    | Bought a potion of curing for 45 gold pieces
 37305 | Orc:2    | Bought a potion of mutation for 120 gold pieces
 37306 | Orc:2    | Bought an embroidered cloak for 172 gold pieces
 37332 | Orc:2    | Bought a cursed ring of protection from fire for 374 gold
                  | pieces
 37397 | Orc:1    | Noticed Nergalle
 37398 | Orc:1    | Noticed Maurice
 37408 | Orc:1    | Killed Nergalle
 37412 | Orc:1    | Killed Maurice
 37716 | Spider:1 | Entered Level 1 of the Spider Nest
 37755 | Spider:1 | Reached XP level 16. HP: 126/126 MP: 18/25
 37808 | Spider:1 | Reached skill level 16 in Unarmed Combat
 38535 | Spider:2 | Reached skill level 1 in Charms
 39014 | Spider:2 | Noticed Arachne
 39025 | Spider:2 | Killed Arachne
 39923 | Spider:2 | Noticed Jorgrun
 39928 | Spider:2 | Killed Jorgrun
 42012 | Spider:3 | Reached skill level 17 in Unarmed Combat
 42372 | Spider:3 | Learned a level 2 spell: Blink
 42373 | Spider:4 | Entered Level 4 of the Spider Nest
 42554 | Spider:4 | Reached skill level 1 in Translocations
 42554 | Spider:4 | Reached skill level 1 in Invocations
 42879 | Spider:3 | Reached XP level 17. HP: 97/135 MP: 22/28
 44087 | Spider:4 | Noticed Roxanne
 44117 | Spider:4 | Killed Roxanne
 44118 | Spider:4 | Identified Roxanne's Tome of Earth (You took it off Roxanne
                  | on level 4 of the Spider Nest)
 44191 | Spider:4 | Learned a level 6 spell: Statue Form
 44249 | Spider:4 | Reached skill level 1 in Earth Magic
 45146 | Spider:4 | Reached skill level 15 in Dodging
 46356 | Spider:4 | Got a gossamer rune of Zot
 46646 | Elf:1    | Entered Level 1 of the Elven Halls
 47105 | Elf:1    | Identified Winooweo's Tome of Battle Magic
 47784 | Elf:1    | Reached skill level 5 in Earth Magic
 48542 | Elf:2    | Noticed Louise
 48567 | Elf:2    | Killed Louise
 49123 | Elf:2    | Found a large runed door.
 49123 | Elf:2    | Found a large runed door.
 49146 | Elf:2    | Found a large runed door.
 49146 | Elf:2    | Found a large runed door.
 49216 | Elf:2    | Reached XP level 18. HP: 22/144 MP: 30/30
 49739 | Elf:2    | Found Qoqaogru's Gadget Emporium.
 49740 | Elf:2    | Found Roats's Jewellery Shop.
 49741 | Elf:2    | Found Daskipn's Gadget Emporium.
 50162 | Elf:3    | Entered Level 3 of the Elven Halls
 51069 | Elf:3    | Cast into level 3 of the Abyss (a deep elf demonologist)
 51118 | Elf:3    | Escaped the Abyss
 51119 | Elf:3    | Noticed a Brimstone Fiend
 51307 | Elf:3    | Got a glittering steel ring
 51308 | Elf:3    | Identified the ring of Ykejih {Fire Dex+2 Stlth+} (You took
                  | it off a deep elf sorcerer on level 3 of the Elven Halls)
 51327 | Elf:3    | Cast into level 3 of the Abyss (a deep elf sorcerer)
 51339 | Abyss:3  | Found a corrupted altar of Lugonu.
 51344 | Elf:3    | Escaped the Abyss
 51668 | Elf:3    | Noticed a Brimstone Fiend
 51827 | Elf:3    | Got a coiled bone ring
 51913 | Elf:3    | Got a scorched mace {venom}
 51914 | Elf:3    | Identified the ring of Uwnaytso {+Fly rPois rN+ Int+5} (You
                  | took it off a deep elf elementalist on level 3 of the Elven
                  | Halls)
 51926 | Elf:3    | Cast into level 2 of the Abyss (a deep elf demonologist)
 52045 | Abyss:2  | Found a corrupted altar of Lugonu.
 52119 | Abyss:2  | Reached skill level 10 in Earth Magic
 52130 | Abyss:2  | Paralysed by accursed screaming for 2 turns
 52257 | Elf:3    | Escaped the Abyss
 52312 | Elf:3    | HP: 5/187 [deep elf annihilator/crystal spear (32)]
 52312 | Elf:3    | Killed from afar by a deep elf annihilator

Vault maps used:
D:1:      minmay_arrival_open_corners
D:3:      old_standard_altar
D:4:      gammafunk_ghost_arena, first_ration, minivault_23
D:6:      trog_eyes_of_draining, uniq_crazy_yiuf_cottage, uniq_duvessa,
          uniq_sigmund, uniq_eustachio
D:7:      lemuel_crystal_altar, minitemple, minmay_temple_entry_enclosed_plants
D:8:      kennysheep_little_box, serial_shops, shop, uniq_prince_ribbit1
D:9:      dpeg_oklobed_lair, hangedman_pestilent_swarm, nrook_mini_vaults
D:10:     gammafunk_ghost_split, uniq_gastronok
D:11:     hiddenorc1_lemuel, portal_ice_cave_rime, serial_shops, shop
D:13:     david_vaults_3, serial_shops, shop
D:14:     nrook_guardian_serpent_snake_passage, bh_walls_and_bars,
          kennysheep_two_boxes, uniq_frances, uniq_snorg
D:15:     hangedman_depths_entry_try_elsewhere_first, grunt_dithmenos_shadows,
          st_stairs_6, minmay_stone_trees_medium
Temple:   regret_index_temple_sphere_string
Lair:1:   maelrawn_ghost_labyrinth_escape
Lair:2:   serial_bayou_shore_b
Lair:3:   shoals_dummy_entry
Lair:4:   dummy_spider_entry, uniq_josephine
Lair:5:   slime_dummy, lab_entry_generic
Lair:6:   minmay_lair_end_frog_pond, minmay_lair_oklob_bushes, st_stairs_9,
          serial_bayou_ford_a
Spider:2: nicolae_spider_mines_3, spider_trap, uniq_jorgrun, uniq_arachne
Spider:4: grunt_spider_rune_parallel, uniq_roxanne
Orc:1:    uniq_nergalle, uniq_maurice
Orc:2:    st_orc_pillars, hangedman_minor_magic
Elf:1:    elf_arrival_002, minmay_elf_annihilation, st_stairs_8
Elf:2:    minmay_shop_grove, uniq_saint_roka, uniq_louise, uniq_agnes,
          uniq_azrael
Elf:3:    grunt_elf_hall_asides
Abyss:2:  minivault_23
Abyss:3:  minivault_19, minivault_20
Lab:      labyrinth_watery, nicolae_lab_grate_2, lab_block, lab_fountain
IceCv:    ice_cave_small_necro

Skill      XL: |  1  2  3  4  5  6  7  8  9 10 11 12 13 14 15 16 17 18 |
---------------+-------------------------------------------------------+-----
Fighting       | 3 5 6 8 10 12 13 14 | 14.0
Shields        | 2 3 4 5 6 7 8 11 | 11.9
Earth Magic    | 0 6 10 | 10.0
Dodging        | 5 8 12 13 14 15 16 | 16.0
Evocations     | 3 |  3.0
Unarmed Combat | 5 9 11 13 15 17 | 17.0
Transmutations | 4 9 10 12 | 12.0
Spellcasting   | 4 5 6 7 8 |  8.0
Charms         | 3 |  3.0
Translocations | 1 3 |  3.0
Invocations    | 1 4 |  4.1
Maces & Flails | |  3.0

Action                   |  1- 3 |  4- 6 |  7- 9 | 10-12 | 13-15 | 16-18 || total
-------------------------+-------+-------+-------+-------+-------+-------++-------
Melee: Mace              |   114 |   268 |    58 |       |       |       ||   440
       Tailslap          |    14 |    24 |    41 |    84 |   163 |   134 ||   460
       Quarterstaff      |       |       |   184 |       |       |       ||   184
       Trident           |       |       |    82 |   323 |       |       ||   405
       Unarmed           |       |       |       |   326 |  1100 |  1082 ||  2508
       Punch             |       |       |       |       |    59 |    32 ||    91
 Fire: Blowgun           |       |       |       |    10 |       |       ||    10
 Cast: Sticks to Snakes  |       |       |       |     2 |    17 |    20 ||    39
       Blade Hands       |       |       |       |     2 |    49 |    56 ||   107
       Statue Form       |       |       |       |       |       |    13 ||    13
       Apportation       |       |       |       |       |       |     3 ||     3
Invok: Recall Ancestor   |       |       |     2 |     4 |    10 |     7 ||    23
       Ancestor Life: Ba |       |       |     1 |       |       |       ||     1
 Abil: Breathe Lightning |       |       |     5 |       |     1 |       ||     6
       Fly               |       |       |       |       |     1 |       ||     1
       Stop Flying       |       |       |       |       |       |     1 ||     1
Evoke: Wand              |       |     3 |     8 |     6 |    53 |    33 ||   103
       Phial of floods   |       |       |       |       |     1 |       ||     1
  Use: Potion            |       |     5 |       |     3 |    11 |     8 ||    27
       Scroll            |       |     4 |    11 |    11 |    13 |    23 ||    62
 Stab: Sleeping          |     1 |       |       |       |     1 |     2 ||     4
       Invisible         |       |     4 |       |       |       |     4 ||     8
       Distracted        |       |       |     2 |     8 |    18 |    16 ||    44
       Paralysed         |       |       |    11 |       |     1 |     3 ||    15
       Confused          |       |       |     1 |       |       |       ||     1
  Eat: Chunk             |     3 |     8 |    20 |    25 |    45 |    34 ||   135
       Ration            |       |     1 |     1 |     2 |     6 |    10 ||    20
Armor: Skin              |    31 |    78 |    89 |   133 |   198 |   350 ||   879
Dodge: Dodged            |    32 |   138 |   229 |   296 |   716 |   911 ||  2322
Block: Shield            |    43 |   156 |    68 |   311 |       |       ||   578
       Other             |       |       |       |       |    78 |    78 ||   156
       Reflection        |       |       |       |       |    10 |    14 ||    24
       Buckler           |       |       |       |       |       |   270 ||   270

Table legend:
 A = Non-vault XP
 B = Vault XP
 C = Vault XP percentage of total XP
 D = Non-vault monster count
 E = Vault monster count
 F = Vault count percentage of total count
                 A         B        C        D         E       F
            +---------+---------+-------+---------+---------+-------
      Total |  216659 |  149886 |  40.9 |     805 |     329 |  29.0
            +---------+---------+-------+---------+---------+-------
        D:1 |      26 |       0 |   0.0 |      16 |       0 |   0.0
        D:2 |     123 |       0 |   0.0 |      29 |       0 |   0.0
        D:3 |      65 |       0 |   0.0 |      13 |       0 |   0.0
        D:4 |     258 |     265 |  50.7 |      11 |       3 |  21.4
        D:5 |     437 |       0 |   0.0 |      21 |       0 |   0.0
        D:6 |     524 |     997 |  65.5 |      15 |       8 |  34.8
        D:7 |     374 |       0 |   0.0 |      16 |       0 |   0.0
        D:8 |     912 |     283 |  23.7 |      21 |       1 |   4.5
        D:9 |    1086 |     458 |  29.7 |      14 |       4 |  22.2
       D:10 |    2488 |    4128 |  62.4 |      14 |       5 |  26.3
       D:11 |    2615 |     949 |  26.6 |      32 |      19 |  37.3
       D:12 |    2673 |       0 |   0.0 |      14 |       0 |   0.0
       D:13 |    4530 |    6182 |  57.7 |      32 |      19 |  37.3
       D:14 |   14870 |    6070 |  29.0 |      35 |       9 |  20.5
       D:15 |   17025 |    4252 |  20.0 |      46 |       6 |  11.5
     Lair:1 |    6409 |    2777 |  30.2 |      22 |       4 |  15.4
     Lair:2 |    2498 |       0 |   0.0 |      13 |       0 |   0.0
     Lair:3 |    4599 |       0 |   0.0 |      18 |       0 |   0.0
     Lair:4 |    7126 |    1875 |  20.8 |      25 |       5 |  16.7
     Lair:5 |    5041 |       0 |   0.0 |      14 |       0 |   0.0
     Lair:6 |    8072 |   14799 |  64.7 |      35 |      51 |  59.3
   Spider:1 |    7881 |       0 |   0.0 |      26 |       0 |   0.0
   Spider:2 |   13034 |    8786 |  40.3 |      39 |       9 |  18.8
   Spider:3 |   31526 |     968 |   3.0 |      89 |       4 |   4.3
   Spider:4 |   12367 |   23698 |  65.7 |      29 |      47 |  61.8
      Orc:1 |    2892 |    1265 |  30.4 |      24 |       2 |   7.7
      Orc:2 |    4138 |   14159 |  77.4 |      28 |      81 |  74.3
      Elf:1 |   11630 |    7500 |  39.2 |      21 |      13 |  38.2
      Elf:2 |   24439 |    5109 |  17.3 |      39 |       5 |  11.4
      Elf:3 |   18052 |   41863 |  69.9 |      28 |      27 |  49.1
    Abyss:2 |    8309 |       0 |   0.0 |      25 |       0 |   0.0
    Abyss:3 |     640 |       0 |   0.0 |       1 |       0 |   0.0
        Lab |       0 |    3503 | 100.0 |       0 |       7 | 100.0
            +---------+---------+-------+---------+---------+-------
